Map: Site Delta LE

Players

demzi - Winner!

  • Race: Zerg Zerg
  • League: Silver
  • Spawn Location: 11:00

Xupamisto

  • Race: Zerg Zerg
  • League: Bronze
  • Spawn Location: 5:00

VOD

Have the link to the VOD?

Description

Time

  • Played on: March 21, 2024, 11:24 a.m.
  • Length: 10:41
Show
View Real Time Build Order
Export as new Build Order

demzi Zerg - Winner!

Build Orders: Hatch First 

Get SALT Encoding   

  12  0:00  Drone  
  13  0:13  Overlord  
  13  0:17  Drone  
  14  0:31  Drone x2  
  16  0:36  Drone  
  17  0:52  Hatchery  
  17  0:55  Drone  
  17  0:59  Drone  
  18  1:12  Extractor  
  18  1:14  Spawning Pool  
  18  1:17  Drone  
  17  1:20  Drone  
  18  1:28  Drone  
  19  1:39  Drone  
  20  1:50  Overlord  
  20  2:03  Zergling x2  
  20  2:06  Queen  
  20  2:07  Queen  
  20  2:16  Zergling x4  
  20  2:17  Zergling x2  
  22  2:26  Zergling x2  
  22  2:37  Drone x3  
  25  2:47  Drone  
  25  2:49  Drone  
  27  2:55  Drone  
  27  2:57  Drone  
  29  3:05  Drone  
  30  3:08  Drone  
  31  3:18  Evolution Chamber  
  31  3:19  Evolution Chamber  
  29  3:24  Drone  
  29  3:25  Drone, Roach Warren  
  30  3:28  Drone  
  30  3:30  Drone  
  30  3:33  Drone  
  33  3:36  Drone  
  34  3:41  Overlord  
  34  3:47  Drone x2  
  30  4:20  Spine Crawler  
  29  4:24  Drone x3  
  29  4:25  Drone x9  
  29  4:30  Queen  
  43  4:35  Overlord  
  43  4:40  Drone  
  43  4:43  Extractor  
  43  4:44  Extractor  
  42  4:46  Drone  
  42  4:48  Drone  
  44  4:56  Overlord  
  44  5:07  Drone x2  
  46  5:15  Roach  
  46  5:16  Roach x3  
  54  5:30  Roach x3  
  60  5:38  Roach Warren  
  60  5:42  Zergling x2  
  59  5:48  Overlord x6  
  59  5:54  Roach Warren  
  58  6:12  Zerg Missile Weapons Level 1  
  58  6:13  Zerg Ground Armor Level 1  
  58  6:14  Overlord x2  
  58  6:20  Lair  
  58  6:22  Roach x4  
  66  6:43  Roach x7  
  80  7:11  Roach x8  
  96  7:30  Glial Reconstitution  
  96  7:31  Roach Warren  
  96  7:33  Roach  
  96  7:34  Roach x3  
  96  7:35  Overlord  
  96  7:36  Overlord x4  
  103  7:40  Extractor  
  102  8:02  Roach x7  
  116  8:13  Zerg Missile Weapons Level 2  
  116  8:18  Zergling x2  
  116  8:19  Zergling x4  
  100  9:13  Roach  
  100  9:14  Roach x11  
  87  9:51  Roach  
  87  9:52  Roach x11  
  99  10:07  Roach  
  99  10:08  Roach  
Show
View Real Time Build Order
Export as new Build Order

Xupamisto Zerg 

Build Orders: Pool First 

Get SALT Encoding   

  12  0:18  Spawning Pool  
  11  0:22  Drone  
  11  0:26  Drone  
  13  0:31  Drone  
  14  0:40  Overlord  
  14  0:56  Extractor  
  13  0:59  Drone  
  14  1:04  Zergling x2  
  14  1:06  Zergling x2  
  16  1:22  Drone  
  16  1:24  Hatchery  
  16  1:26  Drone  
  17  1:38  Drone  
  18  1:48  Queen  
  18  1:49  Drone  
  21  1:58  Overlord  
  21  2:15  Drone  
  22  2:28  Metabolic Boost  
  20  2:30  Zergling x2  
  20  2:34  Roach Warren  
  20  2:36  Queen  
  22  2:40  Zergling x2, Drone  
  24  2:46  Zergling x2  
  24  2:48  Zergling x2  
  26  2:58  Zergling x6  
  27  3:01  Zergling x2  
  30  3:06  Drone  
  30  3:08  Drone  
  30  3:12  Extractor  
  31  3:13  Drone  
  31  3:19  Drone  
  33  3:20  Drone  
  34  3:27  Drone  
  34  3:31  Drone  
  36  3:36  Overlord  
  36  3:43  Lair  
  36  3:57  Roach  
  36  3:58  Roach x2  
  36  4:01  Roach  
  41  4:04  Roach  
  40  4:10  Zergling x4  
  40  4:12  Zergling x2  
  41  4:19  Drone  
  41  4:20  Drone  
  41  4:23  Overlord  
  43  4:29  Overlord  
  43  4:40  Overlord  
  43  4:41  Drone  
  43  4:42  Glial Reconstitution  
  44  4:51  Hydralisk Den  
  44  4:52  Drone  
  44  4:53  Drone  
  44  4:56  Drone  
  44  4:59  Drone  
  47  5:06  Drone  
  49  5:07  Drone x2  
  49  5:17  Roach x2  
  49  5:19  Roach  
  54  5:21  Roach  
  55  5:31  Roach  
  55  5:39  Roach  
  55  5:40  Roach x4  
  59  5:46  Grooved Spines  
  57  5:50  Extractor  
  57  5:52  Extractor  
  57  5:55  Drone x3, Overlord  
  58  6:01  Evolution Chamber  
  57  6:04  Overseer  
  57  6:05  Evolution Chamber  
  57  6:08  Pneumatized Carapace  
  57  6:09  Zergling x2  
  57  6:14  Drone x2  
  57  6:17  Drone  
  57  6:18  Drone  
  61  6:19  Drone  
  61  6:24  Drone x2  
  64  6:27  Drone  
  64  6:28  Drone  
  66  6:34  Zerg Missile Weapons Level 1  
  66  6:43  Ravager  
  66  6:44  Ravager x3  
  70  6:50  Zergling x8  
  70  6:53  Muscular Augments  
  71  7:09  Hydralisk x2  
  75  7:21  Overlord  
  75  7:22  Overlord x2  
  75  7:24  Zerg Ground Armor Level 1  
  75  7:39  Hydralisk x5  
  75  7:41  Hydralisk  
  87  7:52  Roach x2  
  87  7:54  Roach  
  93  8:00  Hatchery  
  92  8:08  Roach x3  
  92  8:10  Hydralisk  
  100  8:23  Overlord x4  
  100  8:32  Infestation Pit  
  99  8:35  Drone  
  99  8:36  Overlord  
  100  8:54  Roach  
  100  8:55  Roach x5  
  86  9:09  Roach  
  88  9:10  Roach  
  88  9:12  Roach  
  76  9:33  Roach x5  
  71  9:39  Roach  
  71  9:40  Roach x7  
  76  9:46  Roach x2  
  76  9:52  Roach  
  73  9:53  Roach  
  67  10:04  Hydralisk  
  52  10:09  Roach  
  46  10:15  Roach  
  46  10:20  Roach  
Tags
 
Matchup
ZvZ
Race
Zerg
Replay Pack
Multiplayer
Spawn Locations
Cross Positions
Add a new tag
Caveats
  • Supply blocks, unpowered buildings, or Contaminate may cause inaccurate times.
  • Supply counts are checked every 10 seconds.